 Dungeon Crawl Stone Soup version 0.21.1-1-g345015f (webtiles) character file.

67 KeyboardFingers the Caller (level 4, -2/24 HPs)
             Began as a Kobold Summoner on June 10, 2018.
             Slain by an orc
             ... wielding a +0 falchion
              (4 damage)
             ... on level 3 of the Dungeon.
             The game lasted 00:09:11 (1922 turns).

KeyboardFingers the Caller (Kobold Summoner)        Turns: 1922, Time: 00:09:11

Health: -2/24      AC:  8    Str:  6    XL:     4   Next: 40%
Magic:  4/8        EV:  2    Int: 16    God:
Gold:   101        SH:  4    Dex: 15    Spells: 7/8 levels left

rFire    x . .     SeeInvis .   g - +0 spear (pierce)
rCold    + . .     Gourm    .   n - +0 buckler
rNeg     . . .     Faith    .   u - +0 chain mail
rPois    .         Spirit   .   (no helmet)
rElec    .         Reflect  .   (no cloak)
rCorr    +         Harm     .   (no gloves)
MR       .....                  (no boots)
Stlth    ..........             (no amulet)
HPRegen  0.08/turn              d - ring of ice
MPRegen  0.11/turn              l - ring of resist corrosion

@: very slightly contaminated
A: small, carnivore
a: no special abilities


You were on level 3 of the Dungeon.
You were not hungry.

You visited 1 branch of the dungeon, and saw 3 of its levels.

You collected 101 gold pieces.

Inventory:

Hand Weapons
 g - a +0 spear of piercing (weapon)
 o - a +0 whip
Missiles
 h - 13 bolts
Armour
 a - a +0 robe
 k - a +0 leather armour
 m - a +0 ring mail
 n - a +0 buckler (worn)
 u - a +0 chain mail (worn)
Jewellery
 d - a ring of ice (left hand)
 l - a ring of resist corrosion (right hand)
Scrolls
 f - 3 scrolls of fear {unknown}
 i - 2 scrolls of enchant armour {unknown}
 q - 2 scrolls of teleportation {unknown}
 t - a scroll of enchant weapon {unknown}
Potions
 e - a potion of ambrosia {unknown}
 j - 2 potions of curing {unknown}
 p - a potion of agility
 r - a potion of mutation {unknown}
 s - a potion of berserk rage {unknown}
Books
 b - a book of Callings

   Spells                             Type                      Level
   a - Summon Small Mammal            Summoning                    1
   b - Call Imp                       Summoning                    2
   c - Call Canine Familiar           Summoning                    3
   d - Summon Guardian Golem          Hexes/Summoning              3
   e - Summon Lightning Spire         Summoning/Air                4
   f - Summon Ice Beast               Ice/Summoning                4
Comestibles
 c - 2 rations


   Skills:
 + Level 0.3 Fighting
 + Level 0.8 Polearms
 + Level 0.2 Armour
 + Level 2.4 Dodging
 + Level 2.8 Stealth
 + Level 0.2 Shields
 + Level 2.8 Spellcasting
 * Level 4.8 Summonings


You had 7 spell levels left.
You knew the following spells:

 Your Spells              Type           Power        Failure   Level  Hunger
a - Summon Small Mammal   Summ           ###.         100%        1    #......


Dungeon Overview and Level Annotations

Branches:
Dungeon (3/15)

Altars:


Innate Abilities, Weirdness & Mutations

You are small and have problems with some larger weapons.
You are carnivorous and can eat meat at any time.


Message History

The orc priest miscasts a cantrip.
The orc hits you but does no damage.
Casting: Summon Small Mammal
Confirm with . or Enter, or press ? or * to list all spells.
You miscast Summon Small Mammal.
The world appears momentarily distorted.
The orc hits you from afar with a trident.
You hit the orc priest but do no damage.
You block the orc priest's attack.
The orc hits you from afar with a trident.
You hit the orc priest but do no damage.
The orc priest hits you with a falchion.
The orc hits you but does no damage.
A leopard gecko comes into view.
You hit the orc priest.
The orc priest is moderately wounded.
The orc priest hits you with a falchion.
* * * LOW HITPOINT WARNING * * *
The orc hits you with a falchion.
You die...

#.# #.##.# #.#
#. #.## #.##.#
#.####. #..#
#.##.###......
##.##
#.##.##.......
#..#
#.##.##.......
##.#
#.##.##..(....
#.##
#.##.##.......
##..##
#..........
#..@o#
####.......
#..oo#
#.......
#..oo#
#.......
#....#
########
#..... #....l#
#......
#.......
#####....


You could see an orc priest, 4 orcs and a leopard gecko.

Vanquished Creatures
  2 adders (D:3)
  An ooze (D:2)
  A leopard gecko (D:2)
  2 orcs (D:3)
  3 bats (D:2)
  A giant cockroach (D:3)
  2 goblins (D:2)
  2 hobgoblins (D:2)
  3 kobolds (D:2)
  A frilled lizard (D:3)
  4 rats
22 creatures vanquished.

Vanquished Creatures (collateral kills)
  An orc wizard (D:3)
  An orc (D:3)
  A bat (D:2)
  A hobgoblin (D:1)
  A quokka (D:3)
  2 goblins
  2 kobolds (D:1)
  4 rats
13 creatures vanquished.

Grand Total: 35 creatures vanquished

Notes
Turn   | Place    | Note
-------+----------+-------------------------------------------
     0 | D:1      | KeyboardFingers the Kobold Summoner began the quest for the Orb.
     0 | D:1      | Reached XP level 1. HP: 10/10 MP: 3/3
   640 | D:2      | Reached XP level 2. HP: 9/15 MP: 5/5
   932 | D:2      | Reached XP level 3. HP: 5/19 MP: 6/6
  1773 | D:3      | Reached XP level 4. HP: 11/24 MP: 2/8
  1922 | D:3      | Slain by an orc

Action                   |  1- 3 |  4- 6 || total
-------------------------+-------+-------++-------
Melee: Unarmed           |    20 |       ||    20
       Spear             |    95 |    11 ||   106
 Cast: Summon Small Mamm |    29 |       ||    29
 Stab: Distracted        |     1 |       ||     1
  Eat: Chunk             |     2 |       ||     2
       Ration            |     1 |       ||     1
Armor: Robe              |     3 |       ||     3
       Ring mail         |    45 |       ||    45
       Chain mail        |       |     2 ||     2
Dodge: Dodged            |    86 |     1 ||    87
Block: Buckler           |    24 |     3 ||    27
